 Dungeon Crawl Stone Soup version 0.30.0-5-g1a98f26d00 (webtiles) character file.

Game seed: 12644774586164173738

3 sampeng1 the Firebug (level 1, 0/17 (18) HPs)
             Began as a Human Cinder Acolyte on May 11, 2023.
             Was a High Priest of Ignis.
             Slain by a jackal (2 damage)
             ... on level 1 of the Dungeon.
             The game lasted 00:00:30 (71 turns).

sampeng1 the Firebug (Human Cinder Acolyte)           Turns: 71, Time: 00:00:31

HP:   0/17 (18)     AC:  2    Str: 14    XL:     1   Next: 55%
MP:   2/2           EV: 11    Int: 14    God:    Ignis [*****.]
Gold: 0             SH:  0    Dex:  8    Spells: 2/2 levels left

rFire   + . .        a - -1 mace (flame)
rCold   . . .        (no shield)
rNeg    . . .        b - +0 robe
rPois   .            (no helmet)
rElec   .            (no cloak)
rCorr   .            (no gloves)
SInv    .            (no boots)
Will    .....        (no amulet)
Stlth   +            (no ring)
HPRegen 0.22/turn    (no ring)
MPRegen 0.08/turn

%: no passive effects
@: drained
A: no striking features
a: Renounce Religion, Fiery Armour, Foxfire Swarm, Rising Flame


You were on level 1 of the Dungeon.
You worshipped Ignis.
Ignis was extremely pleased with you.
You visited 1 branch of the dungeon, and saw 1 of its levels.

Inventory:

Hand Weapons
 a - a -1 mace of flaming (weapon)
Armour
 b - a +0 robe (worn)


   Skills:
 + Level 3.0 Fighting
 + Level 3.0 Maces & Flails
 + Level 1.1 Spellcasting
 + Level 3.0 Fire Magic


You had 2 spell levels left.
You didn't know any spells.
Your spell library contained the following spells:

 Spells                   Type           Power      Damage    Failure   Level
 Scorch                   Fire           18%        2d6       11%         2


Dungeon Overview and Level Annotations

Branches:
Dungeon (1/15)

Altars:


Message History

The frilled lizard hisses angrily.
You hit the jackal but do no damage.
The jackal is severely wounded.
The jackal bites you but does no damage. x2
The ball python closely misses you. The ball python constricts you.
The jackal bites you but does no damage. x2
The jackal barely misses you.
The ball python bites you but does no damage.
The ball python constricts you.
You barely miss the jackal.
The jackal is severely wounded.
The jackal barely misses you. The jackal bites you.
The jackal bites you but does no damage.
The ball python bites you but does no damage.
The ball python constricts you. The jackal barely misses you.
The jackal closely misses you. The jackal barely misses you.
You escape the ball python's grasp.
The jackal attacks as you move away! The jackal closely misses you.
The jackal completely misses you.
The jackal bites you but does no damage.
The jackal misses you. The jackal bites you. x2
The jackal attacks as you move away! The jackal bites you.
The jackal attacks as you move away! The jackal barely misses you.
The jackal bites you.
* * * LOW HITPOINT WARNING * * *
The jackal attacks as you move away! The jackal closely misses you.
You hit the jackal but do no damage.
The jackal is severely wounded.
The jackal bites you.
* * * LOW HITPOINT WARNING * * *
The jackal bites you.
* * * LOW HITPOINT WARNING * * *
You hit the jackal. You burn the jackal.
You kill the jackal!
You closely miss the jackal. The jackal barely misses you.
The jackal closely misses you.
You barely miss the jackal.
The jackal bites you but does no damage.
The frilled lizard hisses.
The jackal bites you.
You die...

..# ###.... #.# #.....#
#.# #.....# ..# #.....#
#.# #.....# ####.# .
#.....# #....########
....#....l####.#)........#
.........hSh@..#.#.#>#.#.
....###..####..#.#.### .
.....# #..#....# ..#.....
#..#...## #.#>.#.##....###
#.#..#.......##
.............>## ..
#.######.#.#.# #...<##


You could see 2 jackals, a ball python and a frilled lizard.

Vanquished Creatures
  An endoplasm (D:1)
  A jackal (D:1)
  A goblin (D:1)
3 creatures vanquished.

Notes
Turn   | Place    | Note
-------+----------+-------------------------------------------
     0 | D:1      | sampeng1 the Human Cinder Acolyte began the quest for the
                  | Orb.
     0 | D:1      | Reached XP level 1. HP: 18/18 MP: 2/2
    71 | D:1      | Slain by a jackal

Illustrated notes

Levels and vault maps discovered:
D:1:      onia_arrival_handbag, layout_loops_cross, nicolae_titane

Action                     || total
---------------------------++-------
  Melee: Mace              ||    14
 Armour: Robe              ||    12
  Dodge: Dodged            ||    20
